 Seeded DCSS version 0.30.1-4-g462c640d31 (webtiles) character file.

Game seed: 6351066067085065685 (custom seed)

691 Esekla the Thaumaturge (level 7, -1/36 HPs)
             Began as a Deep Elf Wanderer on Sept 15, 2023.
             Was a Believer of Vehumet.
             Slain by an ogre
             ... wielding a +0 giant club
              (16 damage)
             ... on level 5 of the Dungeon.
             The game lasted 00:26:59 (4767 turns).

Esekla the Thaumaturge (Deep Elf Wanderer)          Turns: 4767, Time: 00:27:00

Health: -1/36      AC:  4    Str: 11    XL:     7   Next: 36%
Magic:  13/21      EV: 12    Int: 20    God:    Vehumet [**....]
Gold:   276        SH:  4    Dex: 11    Spells: 10/23 levels left

rFire   . . .        a - +2 dagger (vamp)
rCold   . . .        d - +0 buckler
rNeg    . . .        c - +0 robe
rPois   .            n - +0 helmet
rElec   .            (no cloak)
rCorr   .            m - +0 pair of gloves
SInv    .            (no boots)
Will    .....        A - amulet of magic regeneration
Stlth   ++           (no ring)
HPRegen 0.26/turn    (no ring)
MPRegen 0.57/turn

%: no passive effects
@: very slightly contaminated
A: no striking features
a: Renounce Religion


You were on level 5 of the Dungeon.
You worshipped Vehumet.
Vehumet was pleased with you.
You visited 1 branch of the dungeon, and saw 6 of its levels.

You collected 276 gold pieces.

Inventory:

Hand Weapons
 a - a +2 vampiric dagger (weapon)
 r - a +0 trident
 s - the +5 rapier of the Hero {heavy, rN+ Dex+3}
   (You found it on level 3 of the Dungeon)

   Dex:       It affects your dexterity (+3).
   rN:        It protects you from negative energy.
Missiles
 v - 7 poisoned darts (quivered)
 y - a throwing net
Armour
 c - a +0 robe (worn)
 d - a +0 buckler (worn)
 m - a +0 pair of gloves (worn)
 n - a +0 helmet (worn)
Jewellery
 A - an amulet of magic regeneration (around neck)
Wands
 i - a wand of roots (9)
 C - a wand of flame (15)
Scrolls
 g - 5 scrolls of identify {unknown}
 l - a scroll of enchant armour {unknown}
 q - 2 scrolls of fog {unknown}
 t - 2 scrolls of amnesia {unknown}
 u - 2 scrolls of blinking {unknown}
 w - a scroll of immolation {unknown}
 x - a scroll of silence {unknown}
 z - a scroll of magic mapping {unknown}
 B - 2 scrolls of fear
 D - 3 scrolls of enchant weapon {unknown}
Potions
 b - 2 potions of lignification
 e - a potion of ambrosia {unknown}
 f - 2 potions of attraction {unknown}
 h - 2 potions of heal wounds {unknown}
 j - a potion of haste {unknown}
 k - 5 potions of curing {unknown}
 o - a potion of mutation {unknown}
 p - 3 potions of brilliance {unknown}


   Skills:
 + Level 2.0 Short Blades
 + Level 0.1 Throwing
 * Level 3.4 Dodging
 + Level 2.3 Stealth
 + Level 1.7 Shields
 * Level 8.5 Spellcasting
 + Level 1.7 Conjurations
 * Level 3.0 Necromancy
 + Level 3.0 Translocations
 * Level 0.2 Fire Magic
 + Level 1.0 Invocations


You had 10 spell levels left.
You knew the following spells:

 Your Spells              Type           Power      Damage    Failure   Level
a - Magic Dart            Conj           60%        1d6       6%          1
b - Blink                 Tloc           40%        N/A       5%          2
d - Vampiric Draining     Necr           20%        2d7       10%         3
e - Shock                 Conj/Air       48%        1d6       9%          1
o - Scorch                Fire           18%        2d6       16%         2
p - Apportation           Tloc           40%        N/A       3%          1
t - Teleport Other        Tloc           20%        N/A       11%         3

Your spell library contained the following spells:

 Spells                   Type           Power      Damage    Failure   Level
 Lesser Beckoning         Tloc           40%        N/A       5%          2
 Gell's Gravitas          Tloc           20%        N/A       11%         3
 Ignite Poison            Fire/Tmut/Pois 8%         N/A       34%         3
 Spider Form              Tmut/Pois      8%         N/A       34%         3
 Cause Fear               Hex            4%         N/A       75%         4
 Summon Mana Viper        Hex/Summ       8%         N/A       97%         5


Dungeon Overview and Level Annotations

Branches:
Dungeon (6/15)
 Temple: D:4-7

Altars:
Dithmenos
Hepliaklqana
Okawaru
Qazlal
Trog
Vehumet
Zin
The Shining One

Shops:
D:2 =   D:4 (


Message History

You hit the hound.
You feel better.
The hound is almost dead.
The hound bites you but does no damage.
You hit the hound.
You feel better.
You kill the hound!
Vehumet accepts your kill.
Your Short Blades skill increases to level 2!
Throw: 8 darts (poison)
Press: ? - help, Q - select action, (/) - cycle Shift-Dir - straight line, f - ogre
Aim: an ogre, wielding a +0 giant club (71% to hit)
You throw a poisoned dart.
The poisoned dart barely misses the ogre.
You block the ogre's attack.
You hit the ogre but do no damage. You barely miss the ogre.
The ogre hits you with a +0 giant club!
Casting: Apportation (safe; 3% risk of failure)
Confirm with . or Enter, or press ? or * to list all spells.
The spell is quite dangerous to miscast (10% risk of failure)!
Continue anyway?
Aiming: Vampiric Draining (quite dangerous; 10% risk of failure)
Press: ? - help, Shift-Dir - straight line, f/p - ogre
Aim: an ogre, wielding a +0 giant club You draw life force from the ogre!
You feel life coursing into your body.
Casting: Vampiric Draining (quite dangerous; 10% risk of failure)
Confirm with . or Enter, or press ? or * to list all spells.
The spell is quite dangerous to miscast (10% risk of failure)!
Continue anyway?
Aiming: Vampiric Draining (quite dangerous; 10% risk of failure)
Press: ? - help, Shift-Dir - straight line, f/p - ogre
Aim: an ogre, wielding a +0 giant club (moderately wounded)
You draw life force from the ogre!
You feel life coursing into your body. The ogre hits you with a +0 giant club!
Casting: Vampiric Draining (quite dangerous; 10% risk of failure)
Confirm with . or Enter, or press ? or * to list all spells.
The spell is quite dangerous to miscast (10% risk of failure)!
Continue anyway?
Aiming: Vampiric Draining (quite dangerous; 10% risk of failure)
Press: ? - help, Shift-Dir - straight line, f/p - ogre
Aim: an ogre, wielding a +0 giant club (severely wounded)
You miscast Vampiric Draining.
You are very lightly contaminated with residual magic.
Nothing appears to happen.
The ogre hits you with a +0 giant club!
You die...

.#.######.# #. .#
.#...# #.# #. .#
####.####.# .#.##
.#......#.# .(..#
.#..###.#.# #...#
....# #...######...#
....###............#
.#..>...#.######O#.#
.......##.# #@# #
.#.###.##.# #.# ...#
#.##.# #.#
.#†###.##.# #..
..#...)...#### #..
.###.......... ../.
## ##..#####.# ##.#
.###.#.# .#
#.#.##.#####.##


You could see an ogre.

Vanquished Creatures
  A black bear (D:2)
  2 scorpions (D:5)
  A gnoll bouda (D:3)
  3 hounds
  A sleepcap (D:5)
  3 iguanas
  11 gnolls
  8 adders
  A white imp (D:5)
  A worm (D:4)
  3 dart slugs
  9 orcs
  6 ball pythons
  4 endoplasms
  8 goblins
  5 hobgoblins
  A quokka (D:1)
  4 bats
  4 frilled lizards
  5 kobolds
  A rat (D:2)
82 creatures vanquished.

Notes
Turn   | Place    | Note
-------+----------+-------------------------------------------
     0 | D:1      | Esekla the Deep Elf Wanderer began the quest for the Orb.
     0 | D:1      | Esekla set off with the following items: a +0 club, a
                  | potion of lignification, a +0 robe, a +0 buckler; and the
                  | following spells available to memorise: Apportation, Blink,
                  | Lesser Beckoning, Magic Dart, Ignite Poison, Vampiric
                  | Draining.
     0 | D:1      | Reached XP level 1. HP: 10/10 MP: 7/7
     2 | D:1      | Learned a level 1 spell: Magic Dart
     4 | D:1      | Learned a level 1 spell: Apportation
   253 | D:2      | Found Renulab's Jewellery Shop.
   651 | D:4      | Found a radiant altar of Vehumet.
   662 | D:4      | Found an iron altar of Okawaru.
   670 | D:4      | Found a glowing silver altar of Zin.
   759 | D:4      | Became a worshipper of Vehumet
   872 | D:3      | Reached skill level 5 in Spellcasting
   872 | D:3      | Reached XP level 2. HP: 8/15 MP: 2/10
   875 | D:3      | Learned a level 2 spell: Blink
  1305 | D:1      | Reached XP level 3. HP: 19/19 MP: 3/12
  1309 | D:1      | Learned a level 3 spell: Vampiric Draining
  1328 | D:1      | Reached * piety under Vehumet
  1328 | D:1      | Offered knowledge of Shock by Vehumet.
  1331 | D:1      | Reached skill level 1 in Necromancy
  1336 | D:1      | Learned a level 3 spell: Teleport Other
  1338 | D:1      | Learned a level 1 spell: Shock
  1665 | D:3      | Identified the +5 rapier of the Hero {heavy, rN+ Dex+3}
  1879 | D:3      | Reached skill level 1 in Dodging
  2050 | D:3      | Reached skill level 6 in Spellcasting
  2124 | D:3      | Found a stormy altar of Qazlal.
  2146 | D:3      | Reached XP level 4. HP: 24/24 MP: 12/14
  2164 | D:3      | Found a bloodstained altar of Trog.
  2166 | D:3      | Found a hazy altar of Hepliaklqana.
  2483 | D:2      | Reached skill level 1 in Conjurations
  2581 | D:2      | Found a faded altar of an unknown god.
  2613 | D:2      | Reached XP level 5. HP: 25/28 MP: 5/15
  2623 | D:2      | Noticed a black bear
  2854 | D:2      | Killed a black bear
  2855 | D:2      | Reached skill level 1 in Short Blades
  2855 | D:2      | Reached skill level 7 in Spellcasting
  3084 | D:4      | HP: 1/27 [gnoll/+0 whip[a gnoll bouda] (6)]
  3255 | D:4      | Reached XP level 6. HP: 19/32 MP: 2/18
  3493 | D:5      | Entered Level 5 of the Dungeon
  3499 | D:5      | Got the Parchment of the Lumpy Olives
  3523 | D:5      | Found a shadowy altar of Dithmenos.
  3914 | D:6      | Reached skill level 8 in Spellcasting
  3914 | D:6      | Noticed an ice beast
  3961 | D:3      | Reached XP level 7. HP: 35/36 MP: 16/20
  4088 | D:4      | Found Ponaysk's Antique Weapon Boutique.
  4348 | D:4      | Offered knowledge of Scorch by Vehumet.
  4352 | D:4      | Learned a level 2 spell: Scorch
  4366 | D:4      | Reached ** piety under Vehumet
  4513 | D:4      | Found a glowing golden altar of the Shining One.
  4767 | D:5      | Slain by an ogre

Illustrated notes

Levels and vault maps discovered:
D:1:      sevenhm_arrival_forest_fort_small_3, layout_rooms,
          chequers_serial_rivers_room_b, minmay_misc_feat_five
D:2:      layout_loops_ring, dreamdust_ecumenical_altar_angels_and_demons,
          serial_shops, shop
D:3:      layout_basic, grunt_temple_overflow_open, minmay_misc_feat_iff
D:4:      layout_basic, nicolae_overflow_quartered_altars, serial_shops,
          nicolae_diamond_shop
D:5:      layout_loops_ring, lemuel_doored_altar, minmay_misc_feat_rows,
          dreamdust_wishing_well
D:6:      layout_loops_cross, fedhas_altar_fruit_tree,
          minmay_temple_entry_glass, uniq_pikel, uniq_blork_the_orc

Skill      XL: |  1  2  3  4  5  6  7 |
---------------+----------------------+-----
Spellcasting   | 5 6 7 8 |  8.5
Necromancy     | 1 2 3 |  3.0
Dodging        | 1 2 3 |  3.4
Conjurations   | 1 |  1.7
Short Blades   | 1 2 |  2.0
Stealth        | 2 |  2.3
Translocations | 3 |  3.0
Throwing       | |  0.1
Shields        | |  1.7
Fire Magic     | |  0.2
Invocations    | |  1.0

Action                     |  1- 3 |  4- 6 |  7- 9 || total
---------------------------+-------+-------+-------++-------
  Melee: Short sword       |    91 |    23 |       ||   114
         Dagger            |       |    32 |     5 ||    37
         Rapier            |       |    21 |    28 ||    49
  Throw: Dart              |       |     7 |     2 ||     9
   Cast: Magic Dart        |    62 |    26 |    22 ||   110
         Apportation       |    21 |    20 |     6 ||    47
         Vampiric Draining |     2 |    20 |     3 ||    25
         Blink             |     1 |     3 |       ||     4
    Use: Scroll            |     1 |       |       ||     1
   Stab: Sleeping          |     1 |     7 |       ||     8
 Armour: Robe              |    32 |    16 |    11 ||    59
  Dodge: Dodged            |    58 |    54 |    18 ||   130
  Block: Buckler           |    14 |    23 |     7 ||    44
